 Dungeon Crawl Stone Soup version 0.30-a0-393-g54b8e3be05 (webtiles) character file.

Game seed: 12828812359738037521

4599 zishaf the Zephyrmancer (level 10, 0/63 HPs)
             Began as a Tengu Air Elementalist on Dec 5, 2022.
             Was a Follower of Vehumet.
             Slain by a wolf (9 damage)
             ... led by Grum
             ... on level 9 of the Dungeon.
             The game lasted 00:15:05 (9652 turns).

zishaf the Zephyrmancer (Tengu Air Elementalist)    Turns: 9652, Time: 00:15:06

Health: 0/63       AC:  6    Str:  4    XL:     10   Next: 41%
Magic:  6/17       EV: 14    Int: 27    God:    Vehumet [*.....]
Gold:   417        SH:  0    Dex: 14    Spells: 9/17 levels left

rFire   . . .      SeeInvis +    b - staff of air
rCold   + . .      Faith    .    (no shield)
rNeg    . . .      Spirit   .    v - +1 robe of Slovenliness {rC+ Str-5 Int+4}
rPois   .          Reflect  .    (helmet restricted)
rElec   +          Harm     .    t - +0 cloak
rCorr   .          Rampage  .    i - +1 pair of gloves
Will    .....                    (boots unavailable)
Stlth   +++.......               (no amulet)
HPRegen 0.30/turn                n - ring "Ficrod" {Int+3 SInv Stlth+}
MPRegen 0.15/turn                w - +4 ring of slaying

@: flying quickly and evasively, quick
A: beak, talons 3, nimble flight
a: Renounce Religion


You were on level 9 of the Dungeon.
You worshipped Vehumet.
Vehumet was aware of your devotion.
You visited 2 branches of the dungeon, and saw 10 of its levels.

You collected 417 gold pieces.

Inventory:

Hand Weapons
 a - a +4 sling of draining
Missiles
 s - 2 throwing nets
Armour
 e - a +0 robe
 i - a +1 pair of gloves (worn)
 t - a +0 cloak (worn)
 v - the +1 robe of Slovenliness (worn) {rC+ Str-5 Int+4}
   (You found it on level 6 of the Dungeon)

   Str:       It affects your strength (-5).
   Int:       It affects your intelligence (+4).
   rC:        It protects you from cold.
Magical Staves
 b - a staff of air (weapon)
Jewellery
 n - the ring "Ficrod" (left hand) {Int+3 SInv Stlth+}
   (You found it on level 3 of the Dungeon)

   [ring of see invisible]

   Int:       It affects your intelligence (+3).
   SInv:      It lets you see invisible.
   Stlth:     It makes you more stealthy.
 w - a +4 ring of slaying (right hand)
 z - a ring of poison resistance
Wands
 m - a wand of flame (32)
 q - a wand of iceblast (10)
 x - a wand of acid (6)
Scrolls
 c - a scroll of butterflies
 g - a scroll of poison
 h - a scroll of enchant armour
 k - 3 scrolls of teleportation
 u - a scroll of magic mapping
 y - 5 scrolls of identify
 A - a scroll of enchant weapon
Potions
 d - 4 potions of brilliance
 f - 2 potions of magic
 j - a potion of curing
 l - a potion of lignification
 o - 3 potions of heal wounds
 p - 3 potions of might
 r - a potion of mutation
 B - a potion of haste


   Skills:
 + Level 7.1 Fighting
 - Level 2.1 Dodging
 - Level 2.0 Stealth
 - Level 4.0 Spellcasting
 + Level 9.5 Conjurations
 - Level 4.0 Fire Magic
 + Level 11.7 Air Magic
 - Level 4.0 Evocations


You had 9 spell levels left.
You knew the following spells:

 Your Spells              Type           Power      Damage    Failure   Level
a - Shock                 Conj/Air       100%       1d9       1%          1
b - Airstrike             Air            40%        2d(6-22)  1%          4
c - Foxfire               Conj/Fire      100%       2x1d9     1%          1
A - Static Discharge      Conj/Air       100%       2-7/arc   1%          2

Your spell library contained the following spells:

 Spells                   Type           Power      Damage    Failure   Level
 Poisonous Vapours        Pois/Air       100%       N/A       1%          2
 Swiftness                Air            80%        N/A       1%          3
 Ensorcelled Hibernation  Hex/Ice        10%        N/A       12%         2
 Passwall                 Tmut/Erth      4%         N/A       12%         2
 Frozen Ramparts          Ice            10%        1d2       24%         3
 Ice Form                 Ice/Tmut       5%         N/A       61%         4
 Olgreb's Toxic Radiance  Pois           5%         N/A       61%         4
 Summon Ice Beast         Ice/Summ       5%         N/A       61%         4
 Summon Hydra             Summ           2%         N/A       100%        7


Dungeon Overview and Level Annotations

Branches:
Dungeon (9/15)             Temple (1/1) D:6
   Lair: D:8-11         Orc: D:9-12

Altars:
Ashenzari
Cheibriados
Elyvilon
Fedhas
Gozag
Hepliaklqana
Kikubaaqudgha
Makhleb
Nemelex Xobeh
Okawaru
Qazlal
Ru
Sif Muna
Trog
Vehumet
Wu Jian
Xom
Yredelemnul
Zin
The Shining One

Annotations:
D:9 Grum


Innate Abilities, Weirdness & Mutations

You have a beak for a mouth.
You have claws for feet.
Your magical nature lets you fly swiftly and evasively.


Message History

The wolf attacks as you move away! The wolf misses you. The wolf bites you.
The wolf attacks as you move away! The wolf completely misses you.
The wolf attacks as you move away! The wolf misses you. The wolf bites you.
The wolf closely misses you. The wolf attacks as you move away!
The wolf bites you.
* * * LOW HITPOINT WARNING * * *
The wolf bites you but does no damage.
Casting: Static Discharge (safe; 1% risk of failure)
Confirm with . or Enter, or press ? or * to list all spells.
Aiming: Shock (safe; 1% risk of failure)
Press: ? - help, Shift-Dir - straight line
Okay, then.
Aiming: Corrosive Bolt
Press: ? - help, Shift-Dir - straight line, f - wolf
Aim: a wolf (57% to hit)
The bolt of acid hits the wolf!
The acid corrodes the wolf!
The wolf is heavily wounded.
The bolt of acid hits the wolf!!
The acid corrodes the wolf!
The wolf is almost dead.
You hear a howl!
The wolf closely misses you. The wolf bites you.
* * * LOW HITPOINT WARNING * * *
The wolf closely misses you. The wolf bites you.
* * * LOW HITPOINT WARNING * * *
Casting: Shock (safe; 1% risk of failure)
Confirm with . or Enter, or press ? or * to list all spells.
Aiming: Shock (safe; 1% risk of failure)
Press: ? - help, Shift-Dir - straight line, f/p - wolf
Aim: a wolf (almost dead, covered in acid, 57% to hit)
You feel a surge of power!
The zap hits the wolf.
The wolf is severely wounded.
The zap hits Grum but does no damage.
The zap misses the wolf.
The zap hits the wolf.
The wolf is almost dead.
The wolf bites you.
* * * LOW HITPOINT WARNING * * *
The wolf bites you!
You die...

.................#
.........h..g....#
################h#
#h# #g# ########.#
.........#
########h# #@# #.#
#.# #.#
################.#
.................#
......<..........#
.................#
##################


You could see Grum and 3 wolves.

Vanquished Creatures
  A boulder beetle (D:8)
  Prince Ribbit (D:8)
  2 wyverns
  Menkaure (D:4)
  A water moccasin (D:7)
  An orc warrior (D:6)
  An ice beast (D:5)
  A sky beast (D:7)
  4 centaurs
  3 ogres
  A phantom (D:7)
  A kobold brigand (D:9)
  3 scorpions
  2 bullfrogs (D:7)
  A necrophage (D:6)
  2 water moccasin zombies (D:5)
  11 killer bees (D:8)
  5 howler monkeys
  2 electric eels (D:8)
  A bullfrog zombie (D:5)
  2 orc priests
  3 hounds
  2 gnoll boudas
  4 jellies
  Crazy Yiuf (D:2)
  Jessica (D:2)
  A bullfrog skeleton (D:5)
  5 iguanas
  7 orc wizards
  A scorpion zombie (D:5)
  A hound zombie (D:5)
  10 adders
  11 gnolls
  A howler monkey skeleton (D:5)
  2 shadow imps
  2 white imps (D:6)
  3 ufetubi
  A worm (D:5)
  A dart slug (D:2)
  17 orcs
  5 bats
  8 endoplasms
  A giant cockroach (D:1)
  8 goblins
  6 hobgoblins
  2 jackals (D:3)
  14 kobolds
  3 quokkas
  6 ball pythons
  4 frilled lizards
  3 rats
181 creatures vanquished.

Vanquished Creatures (others)
  4 withered plants (D:5)
4 creatures vanquished.

Grand Total: 185 creatures vanquished

Notes
Turn   | Place    | Note
-------+----------+-------------------------------------------
     0 | D:1      | zishaf the Tengu Air Elementalist began the quest for the
                  | Orb.
     0 | D:1      | Reached XP level 1. HP: 10/10 MP: 4/4
   399 | D:1      | Reached XP level 2. HP: 16/16 MP: 6/6
   412 | D:1      | Learned a level 2 spell: Static Discharge
   815 | D:2      | Reached skill level 1 in Fighting
   815 | D:2      | Reached XP level 3. HP: 13/20 MP: 4/7
   927 | D:2      | Reached skill level 5 in Air Magic
  1139 | D:2      | Reached XP level 4. HP: 14/25 MP: 1/8
  1297 | D:2      | Noticed Jessica
  1300 | D:2      | Killed Jessica
  1668 | D:2      | Found a runed translucent door.
  1669 | D:2      | Noticed Crazy Yiuf
  1755 | D:3      | Identified the ring "Ficrod" {Int+3 SInv Stlth+}
  1914 | D:3      | Found a faded altar of an unknown god.
  2135 | D:3      | Gained mutation: Your magical nature lets you fly swiftly
                  | and evasively. [Tengu growth]
  2135 | D:3      | Reached XP level 5. HP: 30/30 MP: 9/9
  2473 | D:4      | Identified a scroll of acquirement
  2473 | D:4      | Acquired a staff of air
  2493 | D:4      | Reached skill level 6 in Air Magic
  2706 | D:4      | Reached XP level 6. HP: 21/36 MP: 5/10
  2913 | D:4      | Reached skill level 7 in Air Magic
  3050 | D:4      | Found a stormy altar of Qazlal.
  3120 | D:4      | Identified the +1 short sword of Fundamental Breach
                  | {vorpal, Will+ SInv Stlth+}
  3228 | D:4      | Noticed Menkaure
  3237 | D:4      | Killed Menkaure
  3238 | D:4      | Reached skill level 5 in Conjurations
  3238 | D:4      | Reached skill level 8 in Air Magic
  3238 | D:4      | Reached XP level 7. HP: 7/41 MP: 4/11
  3407 | D:5      | Entered Level 5 of the Dungeon
  3678 | D:5      | Learned a level 4 spell: Airstrike
  3791 | D:5      | Reached skill level 9 in Air Magic
  3791 | D:5      | Reached XP level 8. HP: 35/48 MP: 3/12
  4258 | D:5      | Reached skill level 1 in Evocations
  4754 | D:2      | Killed Crazy Yiuf
  5123 | D:6      | Found a staircase to the Ecumenical Temple.
  5132 | Temple   | Entered the Ecumenical Temple
  5283 | Temple   | Became a worshipper of Vehumet
  5305 | D:6      | Identified the +1 robe of Slovenliness {rC+ Str-5 Int+4}
  5409 | D:6      | Found a sparkling altar of Nemelex Xobeh.
  6060 | D:6      | Reached skill level 5 in Fighting
  6158 | D:6      | Reached skill level 10 in Air Magic
  6158 | D:6      | Reached XP level 9. HP: 49/54 MP: 4/14
  7375 | D:7      | Reached * piety under Vehumet
  7375 | D:7      | Offered knowledge of Foxfire by Vehumet.
  7396 | D:7      | Learned a level 1 spell: Foxfire
  8159 | D:8      | Noticed Prince Ribbit
  8172 | D:8      | Killed Prince Ribbit
  8173 | D:8      | Reached skill level 1 in Fire Magic
  8253 | D:8      | You are sucked into a shaft and drop 1 floor!
  8474 | D:8      | Got the Textbook on the Poisonous Commander
  8580 | D:8      | Found a snail-covered altar of Cheibriados.
  8584 | D:8      | Reached skill level 11 in Air Magic
  8803 | D:8      | Reached XP level 10. HP: 45/61 MP: 8/17
  9035 | D:8      | Noticed a boulder beetle
  9043 | D:8      | Killed a boulder beetle
  9610 | D:9      | Noticed Grum
  9652 | D:9      | Slain by a wolf

Illustrated notes

Levels and vault maps discovered:
D:1:      sevenhm_arrival_forest_fort_small_6, layout_loops_ring
D:2:      layout_loops_cross, uniq_jessica, uniq_crazy_yiuf_cottage
D:3:      layout_loops_cross, ebering_ecumenical_altar_rust,
          chequers_serial_rivers_micro_a, grunt_ministairs_13, feat_on_display
D:4:      layout_rooms, mainiacjoe_overflow_brackets, uniq_menkaure
D:5:      layout_loops_cross, serial_undead, serial_undead_b, serial_undead_d,
          serial_undead_e, serial_undead_b, serial_undead_e,
          hellmonk_bongcloud_opening
D:6:      layout_layer_cave, nemelex_dance_club_becter,
          minmay_temple_entry_trees
D:7:      layout_layer_cave
D:8:      layout_loops_cross, mainiacjoe_overflow_24_doors,
          kennysheep_generic_room_2, uniq_prince_ribbit1
D:9:      layout_long_grid, eino_house_with_fridge, uniq_grum, uniq_maggie,
          uniq_psyche
Temple:   nicolae_temple_bog_church

Skill      XL: |  1  2  3  4  5  6  7  8  9 10 |
---------------+-------------------------------+-----
Conjurations   | 2 3 5 7 8 9 |  9.5
Fighting       | 1 2 3 4 5 6 7 |  7.1
Air Magic      | 5 6 8 9 10 11 | 11.7
Evocations     | 2 4 |  4.0
Spellcasting   | 3 4 |  4.0
Fire Magic     | 2 4 |  4.0
Dodging        | |  2.1
Stealth        | |  2.0

Action                   |  1- 3 |  4- 6 |  7- 9 | 10-12 || total
-------------------------+-------+-------+-------+-------++-------
Melee: Kick              |     1 |     4 |     5 |     1 ||    11
       Unarmed           |     1 |       |       |       ||     1
       Staff             |       |    20 |    19 |     8 ||    47
       Peck              |       |     3 |     4 |       ||     7
       Punch             |       |       |     1 |       ||     1
 Fire: Sling             |    38 |    83 |   107 |     2 ||   230
 Cast: Shock             |    13 |    18 |    63 |     3 ||    97
       Static Discharge  |     6 |    21 |    65 |    26 ||   118
Evoke: Wand              |       |       |       |     4 ||     4
  Use: Scroll            |       |    11 |     8 |     1 ||    20
       Potion            |       |       |       |     2 ||     2
Armor: Robe              |     3 |    12 |    19 |    13 ||    47
       Skin              |       |       |       |     9 ||     9
Dodge: Dodged            |    16 |    39 |    82 |    61 ||   198

Table legend: (Time is in decaauts)
 A = Elapsed time spent in this place.
 B = Non-inter-level travel time spent in this place.
 C = Inter-level travel time spent in this place.
 D = Time resting spent in this place.
 E = Time spent auto-exploring this place.
 F = Levels seen in this place.
 G = Mean time per level.
                   A        B        C        D        E       F      G
               +--------+--------+--------+--------+--------+-----+--------+
         Total |   9272 |   8766 |    506 |    351 |   7236 |  10 |  927.2 |
       Dungeon |   9123 |   8653 |    470 |    351 |   7136 |   9 | 1013.7 |
        Temple |    148 |    112 |     36 |      0 |     99 |   1 |  148.0 |
               +--------+--------+--------+--------+--------+-----+--------+

Top non-repeatable levels by time:
     D:6: 1515 daAuts
     D:7: 1442 daAuts
     D:8: 1274 daAuts
     D:5: 1218 daAuts
     D:2: 1076 daAuts
     D:3: 934 daAuts
     D:1: 784 daAuts
     D:4: 780 daAuts
  Temple: 148 daAuts
     D:9: 96 daAuts
